 Dungeon Crawl Stone Soup version 0.30-a0-172-gc5509c9e31 (webtiles) character file.

Game seed: 15375939527433943376

58129 LnG the Unseen (level 15, 0/88 HPs)
             Began as a Kobold Summoner on Oct 1, 2022.
             Was a High Priest of Dithmenos.
             Slain by a wolf spider simulacrum (3 damage)
             ... in a Gauntlet.
             The game lasted 01:29:06 (21005 turns).

LnG the Unseen (Kobold Summoner)                   Turns: 21005, Time: 01:29:13

Health: 0/88       AC: 15    Str:  8    XL:     15   Next: 28%
Magic:  23/30      EV: 22    Int: 28    God:    Dithmenos [*****.]
Gold:   734        SH:  0    Dex: 18    Spells: 23/36 levels left

rFire   . . .      SeeInvis .    P - +7 dagger of Nuofosur {venom, Str+3 Int+4}
rCold   + + +      Faith    .    (no shield)
rNeg    + . .      Spirit   .    w - +2 robe of Insurance {rN+ Regen+}
rPois   .          Reflect  .    M - +1 helmet
rElec   .          Harm     .    (no cloak)
rCorr   .          Rampage  .    c - +2 pair of gloves
Will    +....      NoTele   +    Q - +3 pair of mountain boots {steadfast, rC+} Stlth *****+++++
                                 N - amulet of magic regeneration
HPRegen 1.14/turn                T - ring of protection from cold
MPRegen 0.62/turn                a - ring of protection from cold

@: wreathed by umbra, studying Ranged Weapons
A: small, no large weapons, nightstalker 3, iridescent scales 1, thin skeletal
structure 1, MP-powered wands
a: Renounce Religion, Shadow Step, Shadow Form


You were in a Gauntlet.
You worshipped Dithmenos.
Dithmenos was extremely pleased with you.
You visited 3 branches of the dungeon, and saw 19 of its levels.
You also visited: Gauntlet.

You collected 1163 gold pieces.
You spent 429 gold pieces at shops.

Inventory:

Hand Weapons
 n - a +1 dagger of draining
 p - a +7 dagger of protection
 P - the +7 dagger of Nuofosur (weapon) {venom, Str+3 Int+4}
   (You found it on level 12 of the Dungeon)

   It poisons the flesh of those it strikes.
   Str:       It affects your strength (+3).
   Int:       It affects your intelligence (+4).
Missiles
 E - a throwing net
Armour
 c - a +2 pair of gloves (worn)
 w - the +2 robe of Insurance (worn) {rN+ Regen+}
   (You found it on level 4 of the Dungeon)

   rN:        It protects you from negative energy.
   Regen:     It increases your rate of health regeneration.
 M - a +1 helmet (worn)
 Q - the +3 pair of mountain boots (worn) {steadfast, rC+}
   (You found it on level 12 of the Dungeon)

   It prevents involuntary movement, except for blinking, teleportation, or
   banishment.
   rC:        It protects you from cold.
Jewellery
 a - a ring of protection from cold (right hand)
 g - a +6 ring of strength
 t - a ring of magical power
 D - a ring of flight
 N - an amulet of magic regeneration (around neck)
 R - an amulet of regeneration
 T - a ring of protection from cold (left hand)
Wands
 i - a wand of charming (11)
 B - a wand of flame (23)
 C - a wand of digging (8)
 G - a wand of quicksilver (4)
 L - a wand of polymorph (7)
 U - a wand of roots (7)
Scrolls
 f - 3 scrolls of amnesia
 m - 2 scrolls of fog
 s - 5 scrolls of poison
 v - 4 scrolls of teleportation
 x - 2 scrolls of fear
 y - 2 scrolls of vulnerability
 H - a scroll of immolation
 I - 3 scrolls of enchant armour {unknown}
 J - 3 scrolls of acquirement {unknown}
 K - a scroll of torment
Potions
 b - 4 potions of magic
 e - 4 potions of brilliance
 h - a potion of resistance
 j - 3 potions of flight
 k - 3 potions of might
 l - 2 potions of lignification
 o - a potion of berserk rage {unknown}
 q - 3 potions of haste
 r - a potion of invisibility {unknown}
 z - a potion of mutation
 A - a potion of cancellation {unknown}
 F - 10 potions of curing
 S - 2 potions of ambrosia {unknown}
Miscellaneous
 u - a phantom mirror


   Skills:
 + Level 8.1 Fighting
 + Level 11.0 Short Blades
 + Level 11.4 Dodging
 + Level 18.6 Stealth
 + Level 11.1 Spellcasting
 + Level 1.5 Hexes
 + Level 10.8 Summonings
 + Level 4.0 Air Magic
 + Level 8.1 Invocations


You had 23 spell levels left.
You knew the following spells:

 Your Spells              Type           Power      Damage    Failure   Level
a - Summon Small Mammal   Summ           100%       N/A       1%          1
b - Call Imp              Summ           66%        N/A       1%          2
c - Call Canine Familiar  Summ           66%        N/A       1%          3
d - Summon Guardian Gole  Hex/Summ       50%        N/A       1%          3
e - Summon Lightning Spi  Summ/Air       55%        N/A       1%          4

Your spell library contained the following spells:

 Spells                   Type           Power      Damage    Failure   Level
 Poisonous Vapours        Pois/Air       52%        N/A       2%          2
 Apportation              Tloc           30%        N/A       3%          1
 Magic Dart               Conj           60%        1d6       3%          1
 Necrotise                Necr           60%        1d7       3%          1
 Cigotuvi's Dreadful Rot  Necr/Pois/Air  46%        N/A       3%          2
 Animate Armour           Summ/Erth      92%        N/A       3%          4
 Ensorcelled Hibernation  Hex/Ice        38%        N/A       4%          2
 Searing Ray              Conj           30%        2d5       5%          2
 Mephitic Cloud           Conj/Pois/Air  23%        N/A       6%          3
 Airstrike                Air            19%        2d(3-19)  7%          4
 Portal Projectile        Hex/Tloc       38%        N/A       8%          3
 Ozocubu's Armour         Ice            15%        N/A       11%         3
 Spider Form              Tmut/Pois      15%        N/A       11%         3
 Vampiric Draining        Necr           15%        2d7       11%         3
 Cause Fear               Hex            12%        N/A       19%         4
 Anguish                  Hex/Necr       9%         N/A       26%         4
 Fulminant Prism          Conj/Hex       9%         3d7       26%         4
 Leda's Liquefaction      Hex/Erth       9%         N/A       26%         4
 Lightning Bolt           Conj/Air       13%        1d26      41%         5
 Yara's Violent Unravell  Hex/Tmut       9%         3d6       58%         5
 Agony                    Necr           15%        N/A       69%         5
 Alistair's Intoxication  Tmut/Pois      10%        N/A       69%         5
 Blade Hands              Tmut           7%         N/A       69%         5
 Irradiate                Conj/Tmut      7%         3d14      69%         5
 Lee's Rapid Deconstruct  Erth           7%         3d8*      69%         5
 Summon Horrible Things   Summ           33%        N/A       95%         8
 Malign Gateway           Summ/Tloc      23%        N/A       97%         7
 Iron Shot                Conj/Erth      7%         9d2       99%         6
 Statue Form              Tmut/Erth      10%        N/A       99%         6
 Dragon Form              Tmut           7%         N/A       100%        7
 Ozocubu's Refrigeration  Ice            7%         4d9       100%        7
 Dragon's Call            Summ           33%        N/A       100%        9


Dungeon Overview and Level Annotations

Branches:
Dungeon (15/15)            Temple (1/1) D:5            Lair (3/5) D:10
  Swamp (0/4) Lair:2        Snake (0/4) Lair:3          Orc (0/2) D:11
 Vaults (0/5) D:13         Depths (0/4) D:15        Gauntlet (1/1)

Altars:
Ashenzari
Cheibriados
Dithmenos
Elyvilon
Fedhas
Gozag
Hepliaklqana
Kikubaaqudgha
Makhleb
Nemelex Xobeh
Okawaru
Qazlal
Ru
Sif Muna
Trog
Uskayaw
Vehumet
Wu Jian
Xom
Yredelemnul
Zin
The Shining One

Shops:
D:1 *   D:3 :   D:9 (   D:14 *

Annotations:
D:3 1 runed translucent door, Crazy Yiuf
D:4 Pikel
D:10 1 runed translucent door, blackman's ghost, journeyman HOFi
D:11 3 runed translucent doors
Lair:3 exclusion: 2 oklob plants Gauntlet 9 transporters, 2 runed translucent doors, exclusions: obsidian statue and orange crystal statue


Innate Abilities, Weirdness & Mutations

You are small and have problems with some larger weapons.
You are completely attuned to the shadows.
You are partially covered in iridescent scales. (AC +2)
You have a somewhat thin skeletal structure. (Dex +2, Stealth+)
You expend magic power (3 MP) to strengthen your wands.


Message History

The wolf spider simulacrum completely misses you.
The harpy simulacrum misses you. x2
The wolf spider simulacrum closely misses you.
The wolf spider simulacrum bites you but does no damage.
Casting: Summon Lightning Spire (dangerous; 1% risk of failure)
Confirm with . or Enter, or press ? or * to list all spells.
The harpy simulacrum misses you.
The harpy simulacrum completely misses you.
The harpy simulacrum closely misses you.
The harpy simulacrum claws you but does no damage.
The wolf spider simulacrum hits you! The wolf spider simulacrum freezes you!
You resist.
The wolf spider simulacrum closely misses you.
The wolf spider simulacrum hits you. The wolf spider simulacrum freezes you.
You resist. The wolf spider simulacrum misses you.
You remove your ring of magical power.
You feel your magic capacity decrease. The harpy simulacrum claws you.
The harpy simulacrum freezes you. You resist.
* * * LOW HITPOINT WARNING * * *
The harpy simulacrum barely misses you. The wolf spider simulacrum misses you.
The wolf spider simulacrum bites you.
* * * LOW HITPOINT WARNING * * *
The wolf spider simulacrum freezes you! You resist.
* * * LOW HITPOINT WARNING * * *
The wolf spider simulacrum barely misses you.
The wolf spider simulacrum bites you.
* * * LOW HITPOINT WARNING * * *
The wolf spider simulacrum freezes you! You resist.
* * * LOW HITPOINT WARNING * * *
T - a ring of protection from cold (left hand)
The harpy simulacrum completely misses you. x2
Your warg bites the harpy simulacrum!
Okay, then.
You don't have enough health at the moment.
It was a potion of curing.
You feel better.
The harpy simulacrum claws you but does no damage.
The harpy simulacrum completely misses you. x2
The harpy simulacrum misses you. The wolf spider simulacrum hits you!
* * * LOW HITPOINT WARNING * * *
The wolf spider simulacrum freezes you. You resist.
You die...

§....§...§#§#≈#≈#≈#≈#≈#§##
§..8..∩.................§#
...©......8.....8.....8.##
#########.......©.......§#
.b...t..#...#########..§##
.##.##..#...##..#.#.#..§§#
# ...##.#...#.##.#.##...##
.#b#...##.Z##.##...≈#
...#.8.## #@Z#.#.8.##
.#.#...#.#Zh##.#...≈# ##
##.#...#.###8Z##...## .##
#.b#...##:$©.[##...≈# ..!
b?..#...#########...## ###
#####.....#.©.#.....§# .#.
.#....8...#.8.#...8.## .#.
.#........#.©.#......##
.#.
.#.....###########...≈#


You could see a harpy simulacrum (ally target), 2 wolf spider simulacra, a
friendly warg (summoned) and a friendly lightning spire (summoned).

Vanquished Creatures
  Jorgrun (D:13)
  Kirke (D:14)
  Nessos (D:13)
  An ettin (D:15)
  Josephine (D:14)
  6 hydras
  9 centaur warriors
  A vault guard (D:13)
  2 boulder beetles (D:12)
  2 two-headed ogres
  3 tengu warriors
  2 skeletal warriors (D:13)
  2 necromancers (D:15)
  5 deep elf pyromancers
  2 orc knights (D:15)
  4 cyclopes
  4 ugly things (D:12)
  A manticore (D:12)
  4 elephants (Lair:1)
  A gargoyle (D:13)
  Maggie (Lair:1)
  3 cane toads
  2 unseen horrors
  A kobold demonologist (D:12)
  7 komodo dragons
  A rime drake (Lair:1)
  A polar bear (Lair:2)
  A tengu conjurer (D:14)
  6 trolls
  A hornet (D:12)
  4 blink frogs (Lair:2)
  A vampire (D:12)
  A culicivora (shapeshifter) (D:12)
  4 wyverns
  21 yaks
  4 wraiths
  2 hogs (D:14)
  4 basilisks
  4 vampire mosquitoes
  A steam dragon (D:8)
  A warg (D:15)
  5 water moccasins
  A sky beast (D:7)
  A swamp drake (D:11)
  4 orc warriors
  An ice beast (D:6)
  2 ogres (D:5)
  A black bear (D:5)
  12 centaurs
  12 wolves
  A phantom (D:6)
  3 kobold brigands
  A nameless horror (D:12)
  4 bullfrogs
  2 necrophages (D:8)
  A gnoll sergeant (D:9)
  5 scorpions
  11 wights
  6 killer bees (D:11)
  5 howler monkeys
  3 hounds
  3 jellies
  An orc priest (D:11)
  4 iguanas
  6 orc wizards
  9 gnolls
  6 adders
  2 shadow imps
  A white imp (D:7)
  An ufetubus (D:5)
  2 worms
  4 dart slugs
  21 orcs
  7 ball pythons
  5 bats
  A bat zombie (D:7)
  6 endoplasms
  2 giant cockroaches
  2 goblins
  5 hobgoblins
  7 jackals (D:5)
  8 kobolds
  3 quokkas
  2 frilled lizards
  2 rats (D:3)
  2 rat zombies (D:7)
  A spectral kobold (D:10)
318 creatures vanquished.

Vanquished Creatures (collateral kills)
  An entropy weaver (shapeshifter) (D:14)
  A hydra (D:15)
  3 two-headed ogres
  A death knight (D:13)
  A tengu warrior (D:13)
  A skeletal warrior (D:13)
  A bog body (Lair:2)
  A deep elf pyromancer (D:14)
  A cyclops (D:14)
  An ugly thing (D:12)
  An elephant (Lair:1)
  An oklob plant (Lair:2)
  A gargoyle (D:12)
  A cane toad (Lair:3)
  A komodo dragon (Lair:2)
  2 tengu conjurers
  A centaur simulacrum (D:12)
  A shadow (D:9)
  A wyvern (D:7)
  2 wraiths (D:14)
  4 yaks
  2 basilisks
  3 vampire mosquitoes
  A warg (D:15)
  2 orc warriors
  2 wolves (Lair:1)
  3 centaurs (D:12)
  A kobold brigand (D:7)
  A gnoll sergeant (D:10)
  A scorpion (D:5)
  A wight (D:6)
  A howler monkey (D:5)
  A jelly (D:4)
  An orc priest (D:11)
  A gnoll bouda (D:8)
  An iguana (D:5)
  3 orc wizards
  3 gnolls
  2 adders
  An ufetubus (D:5)
  10 orcs
  A giant cockroach (D:4)
  2 goblins (D:2)
  A hobgoblin (D:4)
  10 kobolds
  A rat (D:2)
84 creatures vanquished.

Vanquished Creatures (others)
  2 humans (D:14)
  3 wights (D:7)
  9 fungi
  8 plants
22 creatures vanquished.

Grand Total: 424 creatures vanquished

Notes
Turn   | Place    | Note
-------+----------+-------------------------------------------
     0 | D:1      | LnG the Kobold Summoner began the quest for the Orb.
     0 | D:1      | Reached XP level 1. HP: 10/10 MP: 3/3
   440 | D:1      | Reached XP level 2. HP: 15/15 MP: 5/5
   443 | D:1      | Learned a level 2 spell: Call Imp
   559 | D:1      | Found Xuvvul's Assorted Antiques.
  1129 | D:2      | Reached skill level 3 in Stealth
  1131 | D:2      | Reached XP level 3. HP: 19/19 MP: 6/6
  1135 | D:2      | Learned a level 3 spell: Call Canine Familiar
  1208 | D:2      | Reached XP level 4. HP: 24/24 MP: 7/7
  1557 | D:3      | Reached skill level 4 in Stealth
  1560 | D:3      | Reached skill level 1 in Short Blades
  1568 | D:3      | Found Metol's Book Shop.
  1800 | D:3      | Reached XP level 5. HP: 28/28 MP: 8/8
  2394 | D:3      | Found a runed translucent door.
  2397 | D:3      | Noticed Crazy Yiuf
  2469 | D:4      | Reached skill level 5 in Stealth
  2838 | D:4      | Found an ornate altar of the Wu Jian Council.
  2838 | D:4      | Found a radiant altar of Vehumet.
  2838 | D:4      | Found a blossoming altar of Fedhas.
  2839 | D:4      | Found a bloodstained altar of Trog.
  2840 | D:4      | Found a glowing silver altar of Zin.
  2987 | D:4      | Identified the +2 robe of Insurance {rN+ Regen+}
  3022 | D:4      | Reached skill level 6 in Stealth
  3022 | D:4      | Reached XP level 6. HP: 33/33 MP: 9/9
  3104 | D:4      | Noticed Pikel
  3339 | D:4      | Reached skill level 1 in Fighting
  3489 | D:5      | Entered Level 5 of the Dungeon
  3510 | D:5      | Reached skill level 7 in Stealth
  3510 | D:5      | Reached XP level 7. HP: 38/38 MP: 11/11
  3514 | D:5      | Learned a level 3 spell: Summon Guardian Golem
  3588 | D:5      | Reached skill level 5 in Summonings
  3678 | D:5      | Found a staircase to the Ecumenical Temple.
  3692 | Temple   | Entered the Ecumenical Temple
  3887 | Temple   | Became a worshipper of Dithmenos the Shadowed
  3937 | D:5      | Reached XP level 8. HP: 44/44 MP: 13/13
  3942 | D:5      | Learned a level 4 spell: Summon Lightning Spire
  4152 | D:5      | Reached skill level 8 in Stealth
  4758 | D:6      | Reached skill level 5 in Dodging
  5296 | D:6      | Reached skill level 5 in Short Blades
  5296 | D:6      | Reached skill level 9 in Stealth
  5296 | D:6      | Reached XP level 9. HP: 49/49 MP: 15/15
  5516 | D:6      | Found a broken altar of Ashenzari.
  5946 | D:7      | Reached * piety under Dithmenos
  6167 | D:7      | Reached skill level 5 in Spellcasting
  6657 | D:7      | Found a shimmering blue altar of Sif Muna.
  7079 | D:7      | Reached skill level 1 in Hexes
  7161 | D:7      | Found an ancient bone altar of Kikubaaqudgha.
  7302 | D:8      | Reached XP level 10. HP: 51/56 MP: 18/18
  7388 | D:8      | Reached ** piety under Dithmenos
  7495 | D:8      | Found an opulent altar of Gozag.
  7590 | D:8      | Found a shimmering altar of Xom.
  7654 | D:8      | Reached skill level 10 in Stealth
  7661 | D:8      | Found a white marble altar of Elyvilon.
  7817 | D:8      | Killed an unseen horror
  8392 | D:9      | Found Hefo Rat's Weapon Shop.
  8796 | D:9      | Reached skill level 11 in Stealth
  8956 | D:9      | Reached skill level 5 in Fighting
  8969 | D:9      | Reached XP level 11. HP: 44/64 MP: 21/21
  9407 | D:10     | Entered Level 10 of the Dungeon
  9696 | D:1      | Bought a potion of heal wounds for 100 gold pieces
 10001 | D:10     | Found a runed translucent door.
 10002 | D:10     | Noticed a spriggan rider
 10074 | D:10     | Noticed a two-headed ogre
 10120 | D:10     | Reached skill level 12 in Stealth
 10239 | D:10     | Killed a two-headed ogre
 10297 | D:10     | Identified the +0 spear of the Invisible Stories {freeze,
                  | rC+}
 10469 | D:10     | Identified the +0 chain mail of the Villain {SInv}
 10471 | D:10     | Identified the +4 ring mail of Untruth {rF+}
 10584 | D:10     | Reached *** piety under Dithmenos
 10589 | D:10     | Found a staircase to the Lair.
 10794 | D:10     | Found a hazy altar of Hepliaklqana.
 10854 | D:10     | Noticed blackman's ghost (journeyman HOFi)
 11086 | D:11     | Found a staircase to the Orcish Mines.
 11230 | D:11     | Reached skill level 13 in Stealth
 11471 | D:11     | Found a runed translucent gate.
 11472 | D:11     | Found a runed translucent gate.
 11475 | D:11     | Found a runed translucent gate.
 11476 | D:11     | Noticed a two-headed ogre
 11489 | D:11     | Noticed a two-headed ogre
 11491 | D:11     | Killed a two-headed ogre
 11819 | D:11     | Noticed a wizard
 11827 | D:11     | Noticed a deep elf pyromancer
 12357 | D:12     | Reached XP level 12. HP: 65/70 MP: 23/23
 12402 | D:12     | Reached skill level 1 in Air Magic
 12418 | D:12     | Found a glowing golden altar of the Shining One.
 12418 | D:12     | Found an iron altar of Okawaru.
 12535 | D:12     | Noticed a two-headed ogre
 12698 | D:12     | Found a glowing golden altar of the Shining One.
 12700 | D:12     | Found a snail-covered altar of Cheibriados.
 12732 | D:12     | Reached skill level 14 in Stealth
 12769 | D:12     | HP: 1/70 [komodo dragon (18)]
 13107 | D:12     | Reached skill level 5 in Invocations
 13253 | D:12     | Reached **** piety under Dithmenos
 13267 | D:12     | Killed a two-headed ogre
 13283 | D:12     | Noticed a boulder beetle
 13314 | D:12     | Killed a boulder beetle
 13471 | D:12     | Noticed a boulder beetle
 13515 | D:12     | Killed a boulder beetle
 13784 | D:12     | Gained mutation: You have a beak for a mouth. [potion of
                  | mutation]
 13785 | D:12     | Reached XP level 13. HP: 11/76 MP: 18/25
 13897 | D:12     | Reached skill level 10 in Short Blades
 14189 | D:12     | Noticed a centaur warrior
 14191 | D:12     | Killed a centaur warrior
 14198 | D:12     | Identified the +7 dagger of Nuofosur {venom, Str+3 Int+4}
 14202 | D:12     | Found the +3 pair of mountain boots {steadfast, rC+}
 14218 | D:12     | Noticed a centaur warrior
 14221 | D:12     | Killed a centaur warrior
 14407 | D:13     | Identified the +6 quarterstaff of Foul Odours {speed, rPois
                  | rC- SInv}
 14430 | D:13     | Noticed a centaur warrior
 14432 | D:13     | Killed a centaur warrior
 14441 | D:13     | Noticed a centaur warrior
 14443 | D:13     | Found a gate to the Vaults.
 14443 | D:13     | Noticed a vault guard
 14445 | D:13     | Killed a centaur warrior
 14446 | D:13     | Reached skill level 15 in Stealth
 14447 | D:13     | Noticed a centaur warrior
 14450 | D:13     | Killed a vault guard
 14451 | D:13     | Reached skill level 10 in Dodging
 14455 | D:13     | Killed a centaur warrior
 14555 | D:13     | Noticed a centaur warrior
 14567 | D:13     | Killed a centaur warrior
 14749 | D:13     | Noticed Jorgrun
 14753 | D:13     | Killed Jorgrun
 14776 | D:13     | Noticed a centaur warrior
 14781 | D:13     | Killed a centaur warrior
 14792 | D:13     | Noticed a four-headed hydra
 14796 | D:13     | Killed a four-headed hydra
 14810 | D:13     | HP: 3/76 [efreet/fireball (30)]
 14916 | D:13     | Reached skill level 16 in Stealth
 14931 | D:13     | Lost mutation: You have a beak for a mouth. [potion of
                  | mutation]
 14931 | D:13     | Gained mutation: Armour fits poorly on your strangely
                  | shaped body. [potion of mutation]
 14931 | D:13     | Gained mutation: You are vulnerable to cold. (rC-) [potion
                  | of mutation]
 14932 | D:13     | Lost mutation: Armour fits poorly on your strangely shaped
                  | body. [potion of mutation]
 14932 | D:13     | Lost mutation: You are vulnerable to cold. (rC-) [potion of
                  | mutation]
 14932 | D:13     | Gained mutation: You are partially covered in iridescent
                  | scales. (AC +2) [potion of mutation]
 14932 | D:13     | Gained mutation: You have a somewhat thin skeletal
                  | structure. (Dex +2, Stealth+) [potion of mutation]
 14932 | D:13     | Gained mutation: You expend magic power (3 MP) to
                  | strengthen your wands. [potion of mutation]
 14991 | D:13     | Found a broken altar of Ashenzari.
 15161 | D:13     | Noticed Nessos
 15165 | D:13     | Killed Nessos
 15543 | D:13     | Reached XP level 14. HP: 66/82 MP: 27/27
 16310 | D:14     | Found Xekhef's Assorted Antiques.
 16315 | D:14     | Bought a glowing robe for 92 gold pieces
 16315 | D:14     | Bought a pair of runed boots for 187 gold pieces
 16315 | D:14     | Bought a scroll of identify for 50 gold pieces
 16417 | D:14     | Reached skill level 10 in Spellcasting
 16526 | D:14     | Noticed Kirke
 16532 | D:14     | Killed Kirke
 16636 | D:14     | Reached skill level 10 in Summonings
 16762 | D:14     | Noticed Josephine
 16789 | D:14     | Killed Josephine
 16789 | D:14     | Reached ***** piety under Dithmenos
 16815 | D:14     | Found a hide-covered altar of Uskayaw.
 16830 | D:14     | Reached skill level 17 in Stealth
 16841 | D:14     | Identified the +0 robe "Suwuskua" {Dex+4}
 17063 | D:15     | Entered Level 15 of the Dungeon
 17337 | D:15     | Got Sif Muna's Cyclopedia of Vapourous Reformation
 17607 | D:15     | Identified the +1 leather armour "Tusor" {Dex+2}
 18126 | D:15     | Found a staircase to the Depths.
 18301 | Lair:1   | Entered Level 1 of the Lair of Beasts
 19106 | Lair:1   | Reached XP level 15. HP: 79/88 MP: 29/29
 19121 | Lair:1   | Noticed Maggie
 19125 | Lair:1   | Killed Maggie
 19505 | Lair:2   | Found an iron altar of Okawaru.
 19525 | Lair:2   | Reached skill level 18 in Stealth
 19647 | Lair:2   | Found a staircase to the Swamp.
 20773 | Lair:3   | Found a gate leading to a gauntlet.
 20777 | Gauntlet | Entered a Gauntlet
 20777 | Gauntlet | Found a transporter.
 20789 | Gauntlet | Found a transporter.
 20808 | Gauntlet | Found a transporter.
 20808 | Gauntlet | Found a transporter.
 20824 | Gauntlet | Found a transporter.
 20868 | Gauntlet | Found a transporter.
 20894 | Gauntlet | Found a transporter.
 20894 | Gauntlet | Found a transporter.
 20896 | Gauntlet | Found a runed translucent gate.
 20907 | Gauntlet | Found a transporter.
 20917 | Gauntlet | Found a runed translucent gate.
 20941 | Gauntlet | Found a transporter.
 21003 | Gauntlet | HP: 1/88 [wolf spider simulacrum (8)]
 21005 | Gauntlet | Slain by a wolf spider simulacrum

Illustrated notes

Levels and vault maps discovered:
D:1:      giann_forest_graveyard, layout_loops_ring, serial_shops,
          nicolae_shop_overgrown_old_shop, serial_aquarium,
          aquarium_bridge_square [aquarium_subvault_wall,
          aquarium_subvault_bridge, aquarium_subvault_wall,
          aquarium_subvault_wall], aquarium_window_fake, aquarium_window_3,
          aquarium_window_fake, aquarium_view_2f, aquarium_view_2d,
          aquarium_pool_2
D:2:      layout_basic
D:3:      layout_basic, serial_shops, shop, kennysheep_generic_room_4,
          uniq_crazy_yiuf_cottage
D:4:      layout_loops_cross, minitemple, uniq_pikel
D:5:      layout_basic, minmay_temple_entry_offerings
D:6:      layout_basic, mainiacjoe_overflow_boulevard,
          chequers_serial_rivers_small_3, chequers_jeans
D:7:      layout_basic, mainiacjoe_overflow_alcove_2,
          lemuel_zombie_altar_kikubaaqudgha, minivault_5
D:8:      layout_loops_ring, mainiacjoe_overflow_cross_hatched,
          mainiacjoe_overflow_alcove_1, mainiacjoe_overflow_24_doors,
          small_statue_intersection, kennysheep_opposing_triangles
D:9:      layout_stronghold, lemuel_tele_altar, serial_shops,
          nicolae_take_the_stairs, grunt_decor_cap,
          chequers_serial_rivers_micro_a, minmay_fractal_squares_5
D:10:     layout_long_grid, nicolae_hepliaklqana_monster_ancestors,
          david_lair_generic, ebering_ghost_funeral_grove
D:11:     layout_basic, erik_orc_1, gammafunk_ghost_split
D:12:     minmay_the_grid_octo_tiled_octocenter [minmay_the_grid_octo_chip,
          minmay_the_grid_octo_odd_swirl, minmay_the_grid_octo_thin_diamonds,
          minmay_the_grid_octo_shrine, minmay_the_grid_octo_prize_single_spiral,
          minmay_the_grid_square_5x5_spiral_small,
          minmay_the_grid_square_5x5_minibox, minmay_the_grid_square_5x5_inset,
          minmay_the_grid_square_5x5_two_walls_b], layout_cave_pods
D:13:     layout_grid_maze, david_vaults_5, nicolae_ashenzari_panopticon,
          uniq_nessos, uniq_jorgrun
D:14:     layout_loops_cross, serial_shops, nicolae_shop_advertising_works
          [nicolae_subvault_shop_adworks],
          nicolae_uskayaw_murder_on_the_dancefloor, uniq_kirke, uniq_josephine
D:15:     hangedman_depths_entry_civil_slaughter, layout_basic
Temple:   kb_temple_of_zot
Lair:1:   layout_cave_pods, patterned_corridor, uniq_maggie
Lair:2:   layout_small_grid, skrybe_swamp_entry_bodies, lemuel_oklob_altar
Lair:3:   dpeg_oklob_gauntlet, layout_regular_city, guppyfry_snake_entry_garden,
          gauntlet_entry_generic, grunt_megastairs_1
Gauntlet: minmay_gauntlet_mixed_oops_all_seconds
          [minmay_gauntlet_arena_77_run_for_it,
          gammafunk_gauntlet_arena_split_diamond, minmay_gauntlet_arena_77_mess,
          nicolae_gauntlet_arena_t_cross, minmay_gauntlet_arena_77_checkered,
          gammafunk_gauntlet_arena_open, gauntlet_exit_watery]

Skill      XL: |  1  2  3  4  5  6  7  8  9 10 11 12 13 14 15 |
---------------+----------------------------------------------+-----
Stealth        | 3 4 6 7 9 11 13 14 16 17 18 | 18.6
Short Blades   | 1 2 3 5 6 8 9 10 11 | 11.0
Dodging        | 3 4 5 6 7 8 9 10 11 | 11.4
Fighting       | 1 2 3 5 6 7 8 |  8.1
Spellcasting   | 3 4 5 6 7 8 9 10 11 | 11.1
Summonings     | 5 6 7 8 9 10 | 10.8
Hexes          | 1 |  1.5
Invocations    | 3 6 7 8 |  8.1
Air Magic      | 2 3 4 |  4.0

Action                   |  1- 3 |  4- 6 |  7- 9 | 10-12 | 13-15 || total
-------------------------+-------+-------+-------+-------+-------++-------
Melee: Dagger            |    31 |   110 |   498 |   717 |   386 ||  1742
       Mace              |     8 |       |       |       |       ||     8
       Punch             |       |       |    12 |    21 |     3 ||    36
       Peck              |       |       |       |       |    10 ||    10
Throw: Throwing net      |       |       |       |       |     1 ||     1
 Cast: Summon Small Mamm |     3 |     2 |     8 |     6 |     3 ||    22
       Call Imp          |     1 |     1 |    13 |     9 |    11 ||    35
       Call Canine Famil |       |     4 |    18 |    35 |    24 ||    81
       Summon Guardian G |       |       |     8 |       |       ||     8
       Summon Lightning  |       |       |       |    20 |    25 ||    45
  Use: Scroll            |       |     4 |       |    11 |    14 ||    29
       Potion            |       |       |       |     6 |     5 ||    11
 Stab: Sleeping          |    13 |    25 |    21 |    42 |    70 ||   171
       Distracted        |       |     2 |     5 |     9 |     9 ||    25
Armor: Robe              |     2 |    16 |   118 |   160 |    98 ||   394
       Skin              |       |       |       |    62 |     7 ||    69
Dodge: Dodged            |    26 |    59 |   353 |   546 |   299 ||  1283

Table legend: (Time is in decaauts)
 A = Elapsed time spent in this place.
 B = Non-inter-level travel time spent in this place.
 C = Inter-level travel time spent in this place.
 D = Time resting spent in this place.
 E = Time spent auto-exploring this place.
 F = Levels seen in this place.
 G = Mean time per level.
                   A        B        C        D        E       F      G
               +--------+--------+--------+--------+--------+-----+--------+
         Total |  20383 |  18968 |   1415 |    939 |  11928 |  20 | 1019.2 |
       Dungeon |  17532 |  16279 |   1253 |    874 |   9862 |  15 | 1168.8 |
        Temple |    225 |    160 |     65 |      0 |    153 |   1 |  225.0 |
          Lair |   2398 |   2302 |     96 |     65 |   1795 |   3 |  799.3 |
      Gauntlet |    226 |    226 |      0 |      0 |    117 |   1 |  226.0 |
               +--------+--------+--------+--------+--------+-----+--------+

Top non-repeatable levels by time:
    D:12: 1912 daAuts
    D:13: 1744 daAuts
    D:11: 1286 daAuts
     D:6: 1279 daAuts
     D:7: 1265 daAuts
  Lair:1: 1139 daAuts
    D:10: 1135 daAuts
     D:8: 1118 daAuts
     D:9: 1096 daAuts
    D:15: 1090 daAuts
     D:4: 1054 daAuts
     D:1: 1014 daAuts
     D:3: 986 daAuts
     D:5: 967 daAuts
    D:14: 966 daAuts
